 Dungeon Crawl Stone Soup version 0.31-a0-150-g89dc3ad700 (webtiles) character file.

Game seed: 16211290001804669800

759 mopl the Slasher (level 7, -2/40 HPs)
             Began as a Tengu Warper on June 8, 2023.
             Slain by a water moccasin (5 damage)
             ... on level 5 of the Dungeon.
             The game lasted 00:06:32 (3265 turns).

mopl the Slasher (Tengu Warper)                     Turns: 3265, Time: 00:06:34

Health: -2/40      AC:  6    Str: 13    XL:     7   Next: 80%
Magic:  12/14      EV: 13    Int: 13    God:
Gold:   216        SH:  0    Dex: 14    Spells: 0/14 levels left

rFire   . . .        a - +0 falchion
rCold   . . .        (no shield)
rNeg    . . .        p - +0 ring mail
rPois   .            (helmet restricted)
rElec   .            l - +0 cloak
rCorr   .            (no gloves)
SInv    .            (boots unavailable)
Will    .....        (no amulet)
Stlth   +            (no ring)
HPRegen 0.26/turn    (no ring)
MPRegen 0.14/turn

%: no passive effects
@: lethally poisoned (-2 -> -30), flying quickly and evasively, very slightly
contaminated, quick
A: beak, talons 3, nimble flight
a: no special abilities


You were on level 5 of the Dungeon.
You visited 1 branch of the dungeon, and saw 5 of its levels.

You collected 216 gold pieces.

Inventory:

Hand Weapons
 a - a +0 falchion (weapon)
 b - a +2 dagger of venom
Missiles
 d - 7 boomerangs of dispersal
Armour
 l - a +0 cloak (worn)
 p - a +0 ring mail (worn)
Wands
 i - a wand of polymorph (16)
Scrolls
 c - 2 scrolls of blinking
 e - 3 scrolls of identify
 g - 2 scrolls of fear {unknown}
 h - a scroll of enchant weapon {unknown}
 k - a scroll of vulnerability {unknown}
 m - a scroll of enchant armour {unknown}
 o - a scroll of teleportation {unknown}
 q - a scroll of amnesia {unknown}
Potions
 f - a potion of berserk rage {!q}
 j - 2 potions of curing
 n - a potion of mutation {!q}


   Skills:
 - Level 2.0 Fighting
 * Level 6.6 Long Blades
 - Level 1.0 Throwing
 - Level 1.1 Armour
 - Level 2.1 Dodging
 + Level 4.0 Spellcasting
 + Level 4.0 Translocations
 - Level 3.0 Air Magic


You couldn't memorise any spells.
You knew the following spells:

 Your Spells              Type           Power      Damage    Failure   Level
a - Manifold Assault      Tloc           13%        N/A       63%         4
b - Lesser Beckoning      Tloc           26%        N/A       12%         2
d - Vhi's Electric Charg  Tloc/Air       22%        N/A       30%         3
e - Blink                 Tloc           26%        N/A       12%         2
t - Teleport Other        Tloc           13%        N/A       24%         3

Your spell library contained the following spells:

 Spells                   Type           Power      Damage    Failure   Level


Dungeon Overview and Level Annotations

Branches:
Dungeon (5/15)
 Temple: D:4-7

Altars:
Hepliaklqana
Trog

Shops:
D:2 [

Annotations:
D:3 2 transporters, discopopstar's ghost, amateur DjFE


Innate Abilities, Weirdness & Mutations

You have a beak for a mouth.
You have claws for feet.
Your magical nature lets you fly swiftly and evasively.


Message History

You claw the water moccasin, but do no damage.
You peck the water moccasin.
The water moccasin is heavily wounded.
You feel very sick.
The water moccasin completely misses you.
Unknown command.
You hit the water moccasin.
The water moccasin is heavily wounded.
You feel very sick.
The water moccasin closely misses you. x2
You barely miss the water moccasin. Your kick misses the water moccasin.
The water moccasin is heavily wounded.
You feel sick. The water moccasin closely misses you.
Unknown command.
You barely miss the water moccasin.
The water moccasin is heavily wounded.
You feel sick.
The water moccasin bites you but does no damage.
Unknown command.
You barely miss the water moccasin. Your kick misses the water moccasin.
The water moccasin is heavily wounded.
You feel sick. The water moccasin bites you!
You are lethally poisoned!
The water moccasin poisons you!
Unknown command.
You closely miss the water moccasin. You claw the water moccasin.
You peck the water moccasin.
The water moccasin is severely wounded.
You feel very sick. The water moccasin bites you.
* * * LOW HITPOINT WARNING * * *
You are more poisoned.
The water moccasin poisons you! The water moccasin closely misses you.
You closely miss the water moccasin. Your kick misses the water moccasin.
Your peck misses the water moccasin.
The water moccasin is severely wounded.
* * * LOW HITPOINT WARNING * * *
You feel extremely sick. The water moccasin bites you.
You die...

##>..........#
###.#.####.#.# #
#.# #
##+#.####.##
##........... .
##.....#####.#
... ##.......##
.....##.........#
(.....S@........+
.....##.........#
..# ##.......##
##.....## ##...##
##+##


You could see a water moccasin.

Vanquished Creatures
  A hornet (D:4)
  3 ogres
  A bullfrog (D:3)
  A howler monkey (D:4)
  An orc priest (D:3)
  Crazy Yiuf (D:2)
  Robin (D:1)
  6 adders
  A dart slug (D:2)
  3 worms
  4 orcs (D:3)
  6 endoplasms
  A giant cockroach (D:3)
  19 goblins
  9 hobgoblins
  2 quokkas
  4 ball pythons
  3 bats (D:1)
  2 frilled lizards (D:2)
  3 kobolds
  4 rats
76 creatures vanquished.

Notes
Turn   | Place    | Note
-------+----------+-------------------------------------------
     0 | D:1      | mopl the Tengu Warper began the quest for the Orb.
     0 | D:1      | Reached XP level 1. HP: 12/12 MP: 4/4
   313 | D:1      | Reached XP level 2. HP: 15/17 MP: 6/6
   347 | D:1      | Learned a level 2 spell: Blink
   350 | D:1      | Learned a level 2 spell: Lesser Beckoning
   433 | D:1      | Reached skill level 3 in Long Blades
   653 | D:2      | Noticed Robin
   661 | D:1      | Killed Robin
   662 | D:1      | Reached XP level 3. HP: 12/21 MP: 7/7
  1114 | D:2      | Reached XP level 4. HP: 25/26 MP: 8/8
  1126 | D:2      | Learned a level 3 spell: Vhi's Electric Charge
  1229 | D:2      | Found a bloodstained altar of Trog.
  1241 | D:2      | Found Ocaptuoc's Armour Shop.
  1397 | D:2      | Found a runed translucent door.
  1398 | D:2      | Noticed Crazy Yiuf
  1406 | D:2      | Killed Crazy Yiuf
  1407 | D:2      | Reached skill level 3 in Translocations
  1530 | D:3      | Reached skill level 1 in Air Magic
  1545 | D:3      | Reached skill level 4 in Long Blades
  1650 | D:3      | Gained mutation: Your magical nature lets you fly swiftly
                  | and evasively. [Tengu growth]
  1650 | D:3      | Reached XP level 5. HP: 30/30 MP: 10/10
  1722 | D:3      | Found a transporter.
  1725 | D:3      | Noticed discopopstar's ghost (amateur DjFE)
  1742 | D:3      | Noticed an ogre
  1749 | D:3      | Killed an ogre
  1750 | D:3      | Reached skill level 3 in Spellcasting
  1750 | D:3      | Reached skill level 2 in Air Magic
  1765 | D:3      | Found a transporter.
  1888 | D:3      | Reached XP level 6. HP: 35/35 MP: 11/11
  2109 | D:3      | Reached skill level 5 in Long Blades
  2150 | D:3      | Learned a level 4 spell: Manifold Assault
  2597 | D:4      | Noticed an ice beast
  2613 | D:3      | Reached skill level 3 in Air Magic
  2613 | D:3      | Reached XP level 7. HP: 40/40 MP: 13/13
  2866 | D:4      | Found a hazy altar of Hepliaklqana.
  2878 | D:4      | an ice beast changed into a hornet
  2878 | D:4      | Noticed a hornet
  2888 | D:4      | Killed a hornet
  2889 | D:4      | Reached skill level 6 in Long Blades
  3143 | D:4      | Reached skill level 4 in Spellcasting
  3143 | D:4      | Reached skill level 4 in Translocations
  3194 | D:4      | Learned a level 3 spell: Teleport Other
  3236 | D:5      | Entered Level 5 of the Dungeon
  3265 | D:5      | Slain by a water moccasin

Illustrated notes

Levels and vault maps discovered:
D:1:      lightli_arrival_lavapool, layout_loops_ring
D:2:      layout_rooms, serial_shops, shop, basic_altar,
          uniq_crazy_yiuf_cottage, uniq_robin
D:3:      layout_loops_ring, gammafunk_ghost_arena
D:4:      layout_loops_corners, kennysheep_mini
D:5:      layout_loops_corners, marbit_many_paths, nrook_loot_triangle,
          minmay_misc_feat_five, chequers_serial_rivers_small_b

Skill      XL: |  1  2  3  4  5  6  7 |
---------------+----------------------+-----
Long Blades    | 3 4 5 6 |  6.6
Translocations | 3 4 |  4.0
Air Magic      | 1 2 3 |  3.0
Spellcasting   | 3 4 |  4.0
Fighting       | |  2.0
Throwing       | |  1.0
Armour         | |  1.1
Dodging        | |  2.1

Action                     |  1- 3 |  4- 6 |  7- 9 || total
---------------------------+-------+-------+-------++-------
  Melee: Falchion          |    10 |       |     9 ||    19
         Kick              |    21 |    29 |     7 ||    57
         Peck              |    13 |    19 |     4 ||    36
         Dagger            |    67 |    94 |    13 ||   174
         Punch             |       |     1 |     1 ||     2
  Evoke: Wand              |       |     1 |     3 ||     4
    Use: Potion            |       |     1 |       ||     1
         Scroll            |       |     2 |       ||     2
   Stab: Sleeping          |       |     1 |       ||     1
 Armour: Leather armour    |    13 |    10 |       ||    23
         Ring mail         |       |     1 |     7 ||     8
  Dodge: Dodged            |    49 |    46 |    11 ||   106

Table legend: (Time is in decaauts)
 A = Elapsed time spent in this place.
 B = Non-inter-level travel time spent in this place.
 C = Inter-level travel time spent in this place.
 D = Time resting spent in this place.
 E = Time spent auto-exploring this place.
 F = Levels seen in this place.
 G = Mean time per level.
                   A        B        C        D        E       F      G
               +--------+--------+--------+--------+--------+-----+--------+
         Total |   3129 |   2954 |    175 |    434 |   1936 |   5 |  625.8 |
       Dungeon |   3129 |   2954 |    175 |    434 |   1936 |   5 |  625.8 |
               +--------+--------+--------+--------+--------+-----+--------+

Top non-repeatable levels by time:
     D:1: 1029 daAuts
     D:3: 823 daAuts
     D:4: 809 daAuts
     D:2: 441 daAuts
     D:5: 26 daAuts
